 Dungeon Crawl Stone Soup version 0.28.0-43-g3370ac3207 (webtiles) character file.

Game seed: 11114287232181528379

33 pkoi the Ruffian (level 3, 0/36 HPs)
             Began as a Troll Monk on Mar 22, 2022.
             Succumbed to an adder's poison
             ... on level 2 of the Dungeon.
             The game lasted 00:00:47 (647 turns).

pkoi the Ruffian (Troll Monk)                        Turns: 647, Time: 00:00:47

Health: 0/36       AC:  4    Str: 21    XL:     3   Next: 12%
Magic:  2/2        EV: 10    Int:  6    God:
Gold:   41         SH:  0    Dex: 18    Spells: 2/2 levels left

rFire   . . .      SeeInvis .     - Unarmed
rCold   . . .      Faith    .   (no shield)
rNeg    . . .      Spirit   .   a - +0 robe
rPois   .          Reflect  .   (helmet restricted)
rElec   .          Harm     .   (no cloak)
rCorr   .          Rampage  .   (gloves unavailable)
Will    .....                   (boots unavailable)
Stlth   ++........              (no amulet)
HPRegen 0.92/turn               f - +6 ring of dexterity
MPRegen 0.08/turn               (no ring)

@: lethally poisoned (0 -> -12)
A: large, unfitting armour, claws 3, regeneration 1, shaggy fur 1, tough skin 1
a: no special abilities


You were on level 2 of the Dungeon.
You visited 1 branch of the dungeon, and saw 2 of its levels.

You collected 41 gold pieces.

Inventory:

Armour
 a - a +0 robe (worn)
Jewellery
 f - a +6 ring of dexterity (left claw)
Scrolls
 c - a scroll of fear
 e - a scroll of magic mapping {unknown}
Potions
 b - 3 potions of heal wounds
 d - a potion of curing


   Skills:
 - Level 2.4 Fighting
 - Level 2.4 Dodging
 - Level 1.0 Stealth
 * Level 4.3 Unarmed Combat


You had 2 spell levels left.
You didn't know any spells.
Your spell library was empty.

Dungeon Overview and Level Annotations

Branches:
Dungeon (2/15)

Altars:


Innate Abilities, Weirdness & Mutations

You are too large for most types of armour.
You have claws for hands.
Your natural rate of healing is unusually fast.
You are covered in fur. (AC +1)
You have tough skin. (AC +1)


Message History

You miss the adder.
You feel sick. The kobold hits you but does no damage.
You are more poisoned.
The adder bites you but does no damage. The goblin hits you with a +0 club.
* * * LOW HITPOINT WARNING * * *
You scratch the adder.
The adder is moderately wounded.
You feel very sick. The adder barely misses you.
The kobold hits you with a +2 dagger of venom.
* * * LOW HITPOINT WARNING * * *
You are more poisoned.
The goblin barely misses you.
You scratch the adder.
The adder is severely wounded.
You feel very sick. The adder closely misses you. The kobold barely misses you.
The adder bites you.
* * * LOW HITPOINT WARNING * * *
You are more poisoned.
The adder poisons you!
You closely miss the adder.
The adder is severely wounded.
You feel very sick. The goblin hits you with a +0 club.
* * * LOW HITPOINT WARNING * * *
The kobold barely misses you. The adder barely misses you.
Unknown command.
You barely miss the adder.
The adder is severely wounded.
* * * LOW HITPOINT WARNING * * *
You feel very sick. The goblin hits you with a +0 club.
* * * LOW HITPOINT WARNING * * *
The adder bites you.
* * * LOW HITPOINT WARNING * * *
You are more poisoned.
The adder poisons you! The kobold closely misses you.
You miss the adder.
The adder is severely wounded.
You die...

#......>......#########
#.............#
#.............#
######'########...
#.....)......
#............
#............
...#####...........
.......@.....##....
......gSK....# ....
.............# ...
.............# ..
.............#
.............#
.............#
.............#


You could see an adder, a goblin and a kobold.

Vanquished Creatures
  2 endoplasms (D:2)
  A giant cockroach (D:2)
  5 goblins
  2 hobgoblins (D:1)
  4 jackals (D:1)
  3 quokkas
  4 ball pythons
  A frilled lizard (D:1)
  3 kobolds
  3 rats (D:1)
28 creatures vanquished.

Notes
Turn   | Place    | Note
-------+----------+-------------------------------------------
     0 | D:1      | pkoi the Troll Monk began the quest for the Orb.
     0 | D:1      | Reached XP level 1. HP: 22/22 MP: 0/0
    49 | D:1      | Reached XP level 2. HP: 27/29 MP: 1/1
   183 | D:1      | Found a faded altar of an unknown god.
   338 | D:1      | Reached skill level 4 in Unarmed Combat
   479 | D:2      | Reached XP level 3. HP: 30/36 MP: 2/2
   647 | D:2      | Succumbed to an adder's poison

Illustrated notes

Levels and vault maps discovered:
D:1:      roderic_chinese_lattice_arrival, layout_rooms,
          chequers_ecumenical_altar_simple
D:2:      layout_basic, chequers_arboretum

Skill      XL: |  1  2 |
---------------+-------+-----
Unarmed Combat | 4 |  4.3
Fighting       | |  2.4
Dodging        | |  2.4
Stealth        | |  1.0

Action                   || total
-------------------------++-------
Melee: Unarmed           ||    62
       Punch             ||     1
  Use: Scroll            ||     2
       Potion            ||     2
 Stab: Sleeping          ||     3
Armor: Robe              ||    20
Dodge: Dodged            ||    28
